 Dungeon Crawl Stone Soup version 0.17-a0-2215-g49c1de0 (webtiles) character file.

25 nicanaca0 the Chopper (level 2, 0/26 HPs)
             Began as a Minotaur Berserker on Oct 27, 2015.
             Was a Follower of Trog.
             Succumbed to a scorpion's poison
             ... on level 4 of the Dungeon.
             The game lasted 00:01:36 (919 turns).

nicanaca0 the Chopper (Minotaur Berserker)           Turns: 919, Time: 00:01:36

Health: 0/26       AC:  2    Str: 21    XL:     2   Next: 82%
Magic:  1/1        EV: 12    Int:  4    God:    Trog [*.....]
Gold:   46         SH:  0    Dex:  9    Spells: 0 memorised, 1 level left

rFire  . . .     SeeInvis .     a - +0 hand axe
rCold  . . .     Clarity  .     b - +0 animal skin
rNeg   . . .     SustAt   .     (no shield)
rPois  .         Gourm    .     (helmet restricted)
rElec  .         Spirit   .     (no cloak)
rCorr  .         Warding  .     (no gloves)
rMut   .         Stasis   .     (no boots)
MR     .....                    (no amulet)
Stlth  +.........               (no ring)
                                (no ring)

@: lethally poisoned (0 -> -28), not resistant to hostile enchantments, very
unstealthy
A: retaliatory headbutt, horns 2
a: Berserk, Burn Spellbooks, Renounce Religion


You were on level 4 of the Dungeon.
You worshipped Trog.
Trog was aware of your devotion.
You were not hungry.

You visited 1 branch of the dungeon, and saw 3 of its levels.

You collected 46 gold pieces.

Inventory:

Hand Weapons
 a - a +0 hand axe (weapon)
Missiles
 j - 5 tomahawks (quivered)
Armour
 b - a +0 animal skin (worn)
Jewellery
 l - a +4 ring of protection {unknown}
Scrolls
 d - 3 scrolls of remove curse {unknown}
 e - a scroll of identify {unknown}
 m - a scroll of fog {unknown}
 n - a scroll of teleportation {unknown}
Potions
 g - a potion of experience {unknown}
 i - a potion of cancellation {unknown}
 k - a potion of brilliance {unknown}
Comestibles
 c - a bread ration
 f - a meat ration
 h - 4 chunks of flesh


   Skills:
 - Level 3.6 Fighting
 * Level 5.0 Axes
 - Level 2.4 Armour
 - Level 2.1 Dodging


You had one spell level left.
You didn't know any spells.

Dungeon Overview and Level Annotations

Branches:
Dungeon (4/15)
 Temple: D:4-7

Altars:
Xom


Innate Abilities, Weirdness & Mutations

You reflexively headbutt those who attack you in melee.
You have a pair of horns on your head.


Message History

You are lethally poisoned!
The scorpion poisons you!
You hit the scorpion but do no damage. Your headbutt misses the scorpion.
You feel sick. The scorpion stings you.
* * * LOW HITPOINT WARNING * * *
You are more poisoned.
The scorpion poisons you!
You hit the scorpion but do no damage. You headbutt the scorpion.
The scorpion is moderately wounded.
* * * LOW HITPOINT WARNING * * *
You feel very sick. The scorpion barely misses you.
You hit the scorpion but do no damage.
You headbutt the scorpion, but do no damage.
The scorpion is moderately wounded.
* * * LOW HITPOINT WARNING * * *
You feel sick. The scorpion barely misses you.
You closely miss the scorpion.
The scorpion is moderately wounded.
You die...

#######
#.....################
#.....#......'........
#.....#......#........
#.....'......#........
#.....##+######+###...
#....@....... ..
#....s....... #
#............
#............
####+#....... .......
#####+#


You could see a scorpion.

Vanquished Creatures
  An adder (D:2)
  A giant gecko (D:1)
  4 goblins (D:1)
  2 jackals (D:1)
  A bat (D:1)
  A giant cockroach (D:2)
  2 giant newts (D:1)
  2 kobolds (D:1)
  5 rats (D:1)
19 creatures vanquished.

Notes
Turn   | Place    | Note
--------------------------------------------------------------
     0 | D:1      | nicanaca0 the Minotaur Berserker began the quest for the Orb.
     0 | D:1      | Reached XP level 1. HP: 19/19 MP: 0/0
   242 | D:1      | Reached skill level 4 in Axes
   404 | D:1      | Reached XP level 2. HP: 19/26 MP: 1/1
   882 | D:2      | Found a shimmering altar of Xom.
   882 | D:2      | Found a shimmering altar of Xom.
   882 | D:2      | Found a shimmering altar of Xom.
   882 | D:2      | Found a shimmering altar of Xom.
   884 | D:2      | Reached skill level 5 in Axes
   897 | D:2      | You fall through a shaft for 2 floors!
   911 | D:4      | Noticed a scorpion
   919 | D:4      | Succumbed to a scorpion's poison

Vault maps used:
D:1:      dpeg_arrival_arbitrary_c
D:2:      st_stairs_7, xom_redecorated
D:4:      zin_academy, kennysheep_little_box, gup_sewer_entry_bowl, first_bread

Action                   || total
-------------------------++-------
Melee: Hand axe          ||    42
